 Dungeon Sprint DCSS version 0.26.1 (webtiles) character file.

Game seed: 15987826409334453762

17038 Groucho the Naga Aeon (level 12, -15/128 HPs)
             Began as a Naga Fighter on Feb 6, 2021.
             Was the Champion of Cheibriados.
             Demolished by a vampire knight
             ... wielding a +0 great mace
              (34 damage)
             ... while paralysed by a vampire knight
             ... in the Dungeon (Sprint VII: "The Pits").
             The game lasted 00:08:00 (5636 turns).

Groucho the Naga Aeon (Naga Fighter)                Turns: 5636, Time: 00:08:01

Health: -15/128    AC: 23    Str: 33    XL:     12   Next: 43%
Magic:  23/23      EV:  1    Int: 25    God:    Cheibriados [******]
Gold:   0          SH:  0    Dex: 30    Spells: 11/11 levels left

rFire    . . .     SeeInvis +   u - +2 war axe (vorpal)
rCold    . . .     Faith    .   c - +0 kite shield
rNeg     . . .     Spirit   .   q - +4 chain mail
rPois    +         Reflect  .   (no helmet)
rElec    .         Harm     .   b - +0 cloak
rCorr    .         Rampage  .   (no gloves)
Will     +....     NoTele   +   (no barding)
Stlth    ..........             (no amulet)
HPRegen  0.31/turn              r - +3 ring of protection
MPRegen  0.18/turn              s - +3 ring of protection

@: paralysed, very slow
A: large, see invisible, deformed body, poison resistance, slowness 2, spit
poison 1, AC +4
a: Spit Poison, Renounce Religion, Bend Time, Temporal Distortion, Slouch, Step
From Time


You were in the Dungeon.
You worshipped Cheibriados.
Cheibriados was exalted by your worship.
You visited 1 branch

Inventory:

Hand Weapons
 l - a +2 morningstar of protection
 u - a +2 vorpal war axe (weapon)
Missiles
 m - 28 stones
Armour
 b - a +0 cloak (worn)
 c - a +0 kite shield (worn)
 q - a +4 chain mail (worn)
Jewellery
 r - a +3 ring of protection (left hand)
 s - a +3 ring of protection (right hand)
 y - an uncursed ring of protection from fire
 A - an uncursed ring of magical power
Scrolls
 j - 4 scrolls of blinking
 k - 2 scrolls of fear
 n - 4 scrolls of remove curse
 o - 5 scrolls of amnesia
 p - a scroll of summoning
 w - a scroll of fog
 x - 2 scrolls of enchant weapon
 z - a scroll of magic mapping
Potions
 a - a potion of invisibility
 d - 2 potions of might
 e - 11 potions of curing
 f - 13 potions of heal wounds
 g - 2 potions of haste
 h - 4 potions of magic
 i - 3 potions of berserk rage
 t - 3 potions of brilliance
 v - 2 potions of mutation
 B - a potion of flight


   Skills:
 + Level 14.2 Fighting
 + Level 14.0 Axes
 + Level 12.2 Armour
 + Level 12.2 Shields
 + Level 14.8 Invocations


You had 11 spell levels left.
You didn't know any spells.
Your spell library was empty.

Dungeon Overview and Level Annotations

Branches:
Dungeon (1/1)

Altars:
Ashenzari
Cheibriados
Dithmenos
Elyvilon
Fedhas
Gozag
Hepliaklqana
Kikubaaqudgha
Makhleb
Nemelex Xobeh
Okawaru
Qazlal
Ru
Sif Muna
Trog
Uskayaw
Vehumet
Wu Jian
Xom
Yredelemnul
Zin
The Shining One
Beogh
Jiyva
Lugonu


Innate Abilities, Weirdness & Mutations

You cannot wear boots.
Your serpentine skin is tough. (AC +4)
You have supernaturally acute eyesight. (SInv)
Armour fits poorly on your strangely shaped body.
Your system is resistant to poisons. (rPois)
You cover ground very slowly.
You can spit poison.


Message History

The vampire knight is almost destroyed.
Unknown command.
You hit the vampire knight but do no damage.
The vampire knight is almost destroyed.
The vampire knight is infused with unholy energy.
The vampire knight draws life force from you and is healed!
You barely miss the vampire knight.
The vampire knight is severely damaged.
The vampire knight is infused with unholy energy.
* * * LOW HITPOINT WARNING * * *
The vampire knight draws life force from you and is healed!
You slash the vampire knight!
The vampire knight is severely damaged.
The vampire knight gestures at you while chanting.
You suddenly lose the ability to move!
The vampire knight hits you with a +0 great mace!!
* * * LOW HITPOINT WARNING * * *
The vampire knight bites you but does no damage.
The vampire knight hits you with a +0 great mace!!
You die...

########################
........................
................@V......
############++##########


You could see a vampire knight (invisible).

Vanquished Creatures
  A black draconian (D)
  Snorg (D)
  A merfolk impaler (D)
  2 two-headed ogres (D)
  Erica (D)
  A death knight (D)
  An orc high priest (D)
  A sun demon (D)
  2 flayed ghosts (D)
  3 lindwurms (D)
  An orc sorcerer (D)
  2 manticores (D)
  A black mamba (D)
  An elephant (D)
  2 smoke demons (D)
  Psyche (D)
  A freezing wraith (D)
  A demonic crawler (D)
  An efreet (D)
  An ice devil (D)
  4 merfolk (D)
  A tyrant leech (D)
  A troll (D)
  A hornet (D)
  A polar bear (D)
  A large abomination (D)
  6 dream sheep (D)
  A redback (D)
  A wraith (D)
  A spriggan (D)
  A small abomination (D)
  A swamp drake (D)
  3 orc warriors (D)
  2 ogres (D)
  A necrophage (D)
  2 centaurs (D)
  A bullfrog (D)
  A big kobold (D)
  A gnoll sergeant (D)
  4 killer bees (D)
  A quasit (D)
  Crazy Yiuf (D)
  2 gnoll shamans (D)
  2 orc priests (D)
  Jessica (D)
  An orc wizard (D)
  10 gnolls (D)
  2 river rats (D)
  An ooze (D)
  3 ufetubi (D)
  A leopard gecko (D)
  5 orcs (D)
  A giant cockroach (D)
  A goblin (D)
  2 hobgoblins (D)
  A bat (D)
  A frilled lizard (D)
  A jackal skeleton (D)
  A rat (D)
99 creatures vanquished.

Vanquished Creatures (others)
  A leopard gecko (D)
1 creature vanquished.

Grand Total: 100 creatures vanquished

Notes
Turn   | Place    | Note
-------+----------+-------------------------------------------
     0 | D        | Groucho the Naga Fighter began the quest for the Orb.
     0 | D        | Reached XP level 1. HP: 21/21 MP: 1/1
    40 | D        | Found a bloodstained altar of Trog.
    40 | D        | Found a shimmering blue altar of Sif Muna.
    40 | D        | Found a viscous altar of Jiyva.
    40 | D        | Found a hazy altar of Hepliaklqana.
    40 | D        | Found an opulent altar of Gozag.
    41 | D        | Found a glowing golden altar of the Shining One.
    41 | D        | Found a glowing silver altar of Zin.
    41 | D        | Found a basalt altar of Yredelemnul.
    41 | D        | Found a shimmering altar of Xom.
    41 | D        | Found an ornate altar of the Wu Jian Council.
    41 | D        | Found a sacrificial altar of Ru.
    41 | D        | Found a stormy altar of Qazlal.
    41 | D        | Found an iron altar of Okawaru.
    41 | D        | Found a sparkling altar of Nemelex Xobeh.
    41 | D        | Found a burning altar of Makhleb.
    41 | D        | Found a blossoming altar of Fedhas.
    41 | D        | Found a white marble altar of Elyvilon.
    41 | D        | Found a shadowy altar of Dithmenos.
    41 | D        | Found a snail-covered altar of Cheibriados.
    43 | D        | Found a radiant altar of Vehumet.
    43 | D        | Found a corrupted altar of Lugonu.
    43 | D        | Found a roughly hewn altar of Beogh.
    44 | D        | Found a hide-covered altar of Uskayaw.
    44 | D        | Found an ancient bone altar of Kikubaaqudgha.
    44 | D        | Found a broken altar of Ashenzari.
    52 | D        | Became a worshipper of Cheibriados the Contemplative
    81 | D        | Reached * piety under Cheibriados
    82 | D        | Reached XP level 2. HP: 11/28 MP: 2/2
   670 | D        | Reached ** piety under Cheibriados
   671 | D        | Reached skill level 1 in Invocations
   697 | D        | Reached *** piety under Cheibriados
   698 | D        | Reached XP level 3. HP: 22/36 MP: 2/4
  1084 | D        | Noticed an ogre
  1084 | D        | Noticed a bullfrog
  1086 | D        | Noticed a big kobold
  1098 | D        | Killed an ogre
  1099 | D        | Reached skill level 5 in Fighting
  1099 | D        | Reached XP level 4. HP: 42/46 MP: 4/6
  1102 | D        | Reached XP level 5. HP: 35/52 MP: 4/8
  1107 | D        | Reached **** piety under Cheibriados
  1108 | D        | Reached ***** piety under Cheibriados
  1108 | D        | Killed a big kobold
  1108 | D        | Reached ****** piety under Cheibriados
  1109 | D        | Reached skill level 5 in Armour
  1109 | D        | Reached skill level 5 in Shields
  1109 | D        | Reached XP level 6. HP: 23/63 MP: 0/10
  1695 | D        | Noticed a manticore
  1702 | D        | Killed a manticore
  1703 | D        | Reached XP level 7. HP: 26/74 MP: 10/12
  2041 | D        | Noticed Crazy Yiuf
  2043 | D        | Killed Crazy Yiuf
  2061 | D        | Noticed a small abomination
  2063 | D        | Killed a small abomination
  2064 | D        | Reached XP level 8. HP: 82/82 MP: 7/14
  2191 | D        | Noticed a dream sheep
  2191 | D        | Noticed a dream sheep
  2191 | D        | Noticed a dream sheep
  2191 | D        | Noticed a dream sheep
  2191 | D        | Noticed a dream sheep
  2191 | D        | Noticed a dream sheep
  2191 | D        | Noticed a lindwurm
  2195 | D        | Killed a dream sheep
  2195 | D        | Killed a dream sheep
  2195 | D        | Killed a dream sheep
  2195 | D        | Killed a dream sheep
  2195 | D        | Killed a dream sheep
  2195 | D        | Killed a dream sheep
  2196 | D        | Reached XP level 9. HP: 63/93 MP: 9/16
  2198 | D        | Killed a lindwurm
  2199 | D        | Reached skill level 10 in Fighting
  2199 | D        | Reached skill level 10 in Invocations
  2484 | D        | Noticed a two-headed ogre
  2484 | D        | Noticed an orc sorcerer
  2485 | D        | Noticed a soul eater
  2486 | D        | Reached skill level 10 in Axes
  2486 | D        | Noticed a smoke demon
  2486 | D        | Killed a two-headed ogre
  2486 | D        | Killed an orc sorcerer
  2487 | D        | Reached XP level 10. HP: 103/103 MP: 6/18
  2629 | D        | Noticed Erica
  2630 | D        | Noticed a smoke demon
  2632 | D        | Killed a smoke demon
  2633 | D        | Killed Erica
  2842 | D        | Noticed Jessica
  2842 | D        | Noticed a lindwurm
  2845 | D        | Killed Jessica
  2846 | D        | Killed a lindwurm
  2848 | D        | Noticed a death knight
  2853 | D        | Killed a death knight
  2854 | D        | Reached skill level 10 in Armour
  2854 | D        | Reached skill level 10 in Shields
  3253 | D        | Noticed a manticore
  3255 | D        | Killed a manticore
  3256 | D        | Reached XP level 11. HP: 62/114 MP: 7/20
  3695 | D        | Noticed a black draconian
  3695 | D        | Noticed a flayed ghost
  3699 | D        | Killed a flayed ghost
  3700 | D        | Noticed Psyche
  3700 | D        | Noticed a spriggan rider
  3703 | D        | Killed a black draconian
  3704 | D        | Killed Psyche
  4072 | D        | Noticed an orc high priest
  4073 | D        | Noticed a sun demon
  4073 | D        | Noticed a two-headed ogre
  4073 | D        | Noticed a lindwurm
  4073 | D        | Noticed a flayed ghost
  4076 | D        | Killed a sun demon
  4076 | D        | Killed a two-headed ogre
  4076 | D        | Killed a lindwurm
  4077 | D        | Killed a flayed ghost
  4077 | D        | Killed an orc high priest
  4078 | D        | Reached XP level 12. HP: 107/126 MP: 5/22
  4791 | D        | Noticed a merfolk impaler
  4799 | D        | Killed a merfolk impaler
  5153 | D        | Noticed Snorg
  5159 | D        | Killed Snorg
  5614 | D        | Noticed a vampire knight
  5633 | D        | Paralysed by a vampire knight for 4 turns
  5636 | D        | Demolished by a vampire knight

Illustrated notes

Levels and vault maps discovered:
D:        pitsprint [storerooms_1, entrance_room_1, metal_vault_2, armoury_3,
          mini_pit_1, grid_room_1, main_hall_1, silver_pit, the_coven_1,
          the_vestibule_1, steel_vault_1, golden_pit, hallway_of_sentries,
          crystal_vault_2, iron_vault_2, final_vault]

Skill      XL: |  1  2  3  4  5  6  7  8  9 10 11 12 |
---------------+-------------------------------------+-----
Armour         | 3 4 5 6 7 8 9 10 11 12 | 12.2
Shields        | 3 4 5 6 7 8 9 10 11 12 | 12.2
Invocations    | 1 3 4 6 7 8 9 11 12 14 | 14.8
Axes           | 3 4 6 7 8 9 10 11 13 14 | 14.0
Fighting       | 4 5 6 8 9 10 12 13 14 | 14.2

Action                   |  1- 3 |  4- 6 |  7- 9 | 10-12 || total
-------------------------+-------+-------+-------+-------++-------
Melee: Mace              |    27 |       |       |       ||    27
       War axe           |     2 |       |     2 |    44 ||    48
       Hand axe          |     9 |    24 |       |       ||    33
Invok: Slouch            |       |     1 |     5 |    24 ||    30
  Use: Potion            |     5 |     1 |       |       ||     6
 Stab: Invisible         |     2 |     1 |       |       ||     3
Armor: Scale mail        |    24 |       |       |       ||    24
       Chain mail        |     3 |    23 |     8 |    48 ||    82
Dodge: Dodged            |    12 |     9 |     4 |    18 ||    43
Block: Kite shield       |    38 |    29 |    10 |    53 ||   130
